 Dungeon Crawl Stone Soup version 0.18-a0-1426-g3b9a63c (webtiles) character file.

2005 Goblin1989 the Cleaver (level 9, -3/61 HPs)
             Began as a Demonspawn Gladiator on Feb 27, 2016.
             Was a Believer of Pakellas.
             Killed by nerve-wracking pain
             ... invoked by an orc priest
              (12 damage)
             ... on level 8 of the Dungeon.
             The game lasted 00:18:49 (6913 turns).

Goblin1989 the Cleaver (Demonspawn Gladiator)       Turns: 6913, Time: 00:18:50

Health: -3/61      AC: 14    Str: 17    XL:     9   Next: 2%
Magic:  13/13      EV: 12    Int:  9    God:    Pakellas [**....]
Gold:   157        SH:  0    Dex: 16    Spells: 0 memorised, 8 levels left

rFire  . . .     SeeInvis .     m - +0 battleaxe
rCold  + . .     Gourm    .     o - +3 ring mail {rC+}
rNeg   . . .     Faith    .     (shield currently unavailable)
rPois  .         Spirit   .     c - +0 helmet
rElec  .         Dismiss  .     P - +0 cloak
rCorr  +         Reflect  .     w - +0 pair of gloves
SustAt .         Harm     .     h - +0 pair of boots
MR     .....                    (no amulet)
Stlth  +.........               (no ring)
                                r - ring of resist corrosion

@: not resistant to hostile enchantments, very unstealthy
A: talons 2, yellow scales 1, demonic guardian 2
a: Quick Charge, Renounce Religion


You were on level 8 of the Dungeon.
You worshipped Pakellas.
Pakellas was pleased with you.
You were not hungry.

You visited 1 branch of the dungeon, and saw 8 of its levels.

You collected 337 gold pieces.
You spent 180 gold pieces at shops.

Inventory:

Hand Weapons
 m - a +0 battleaxe (weapon)
Missiles
 d - 3 throwing nets (quivered)
 x - 7 javelins
 A - 5 tomahawks of dispersal
 D - 3 poisoned needles
 K - 4 poisoned tomahawks
 L - 4 needles of confusion
Armour
 c - a +0 helmet (worn)
 h - a +0 pair of boots (worn)
 o - a +3 ring mail of cold resistance (worn)
 w - a +0 pair of gloves (worn)
 P - a +0 cloak (worn)
Jewellery
 r - a ring of resist corrosion (left hand)
Wands
 a - a wand of slowing (30/48)
 z - a wand of enslavement (12/24)
 B - a wand of acid (2/15)
 G - a wand of lightning (0/15)
 H - a wand of disintegration (0/24)
 I - a wand of iceblast (1/15)
 J - a wand of paralysis (10/24)
 M - a wand of flame (24/48)
 O - a wand of digging (17/24)
Scrolls
 e - 2 scrolls of fear {unknown}
 g - 4 scrolls of magic mapping
 j - 2 scrolls of enchant armour {unknown}
 k - 3 scrolls of remove curse {unknown}
 n - 2 scrolls of amnesia {unknown}
 p - 2 scrolls of fog {unknown}
 q - 4 scrolls of teleportation {unknown}
 t - 4 scrolls of identify {unknown}
 u - a scroll of enchant weapon {unknown}
 y - a scroll of random uselessness {unknown}
 E - a scroll of blinking {unknown}
Potions
 b - a potion of heal wounds {unknown}
 l - a potion of haste {unknown}
 s - 2 potions of brilliance {unknown}
 v - 3 potions of might {unknown}
 C - 2 potions of agility {unknown}
 F - a potion of ambrosia {unknown}
 N - 2 potions of curing {unknown}
Comestibles
 f - 7 bread rations
 i - a meat ration
 Q - 2 beef jerkies
 R - 7 slices of pizza


   Skills:
 - Level 2.0 Fighting
 * Level 9.6 Axes
 - Level 1.7 Throwing
 - Level 2.6 Dodging
 + Level 6.0 Evocations


You had 8 spell levels left.
You didn't know any spells.

Dungeon Overview and Level Annotations

Branches:
Dungeon (8/15)             Temple (0/1) D:4            Lair (0/8) D:8

Altars:
Ashenzari
Cheibriados
Dithmenos
Elyvilon
Gozag
Nemelex Xobeh
Pakellas
Qazlal
Zin

Shops:
D:5 }

Annotations:
D:3 Grinder


Innate Abilities, Weirdness & Mutations

You have razor-sharp toenails.
You are partially covered in yellow scales (AC +2).
A demonic guardian rushes to your aid.


Message History

You hit the orc priest but do no damage.
You slash the orc warrior!
The orc warrior is heavily wounded.
The orc priest calls down the wrath of Beogh upon you.
Pain shoots through your body! The orc warrior hits you with a flail!
* * * LOW HITPOINT WARNING * * *
You are too injured to fight recklessly!
Unknown command.
You are too injured to fight recklessly!
Unknown command.
Drink which item? (? for menu, Esc to quit)
Okay, then.
You closely miss the orc priest. You hit the orc priest.
The orc priest is moderately wounded.
You completely miss the orc warrior.
The orc warrior is heavily wounded.
The orc priest invokes the aid of Beogh against you.
Pain shoots through your body!
You die...
Pakellas says: Back to the drawing board!

,**,,,,,,,,,**,,,**,,,**,,,,,,,,,
,**,,,,,,,,......#*,,,**,,,,**,,,
,,*,,,,,,,,,......,,,,********,,,
,,*,,,,,,,,,,.....,,,,+,,,,,,,,,,
,**,,,**,,,,*#...#+*..**,,,,,,,,,
***,,,***#+***...'_+.+#*,,,,*****
,,+,,,,,,...###.l#+#..#*,,,,**,,*
,,*,,,,,,......oo3....####****,,,
,**,,,**,,,,*#.o@.(.......,,*,,,,
,**,,,*******#............,.**..#
,,*,,,,,,,,,,#...##...##,...**..#
,,*,,,,,,,,,*#........##....,,...
,,*,,,,>,,,,*#..............,,...
,**,,,**,,,,*#.....8..##...,**..#
***,,,**,,,,*#.......).#######..#
,,,,,,+,,,,,#........)......'....
,,,,,,*,,,,,#....#...)......#<...


You could see an orc warrior, 2 orc priests, a giant gecko and a friendly soul
eater.

Vanquished Creatures
  A human (D:7)
  An ice beast (D:5)
  A sky beast (D:7)
  An ogre (D:5)
  2 giant frogs (D:6)
  A gnoll sergeant (D:7)
  A scorpion (D:5)
  6 wights
  A crimson imp (D:6)
  2 lava snakes (D:7)
  4 hounds
  An orc wizard (D:5)
  2 giant frog skeletons
  2 orc priests
  4 worker ants
  3 sheep (D:7)
  2 hound skeletons (D:4)
  A mummy (D:8)
  6 adders
  3 gnolls (D:5)
  A howler monkey skeleton (D:5)
  2 oozes
  A dart slug (D:4)
  6 giant geckos
  14 orcs
  2 ball pythons
  7 bats
  6 giant cockroaches
  6 goblins
  9 hobgoblins
  4 jackals
  8 kobolds
  3 quokkas
  3 giant newts
  9 rats
126 creatures vanquished.

Vanquished Creatures (collateral kills)
  A hog (D:7)
  A sky beast (D:6)
  2 orc warriors
  An ogre (D:4)
  3 wights
  Ijyb (D:3)
  A worker ant (D:6)
  An orc (D:7)
11 creatures vanquished.

Vanquished Creatures (others)
  A yak (D:2)
1 creature vanquished.

Grand Total: 138 creatures vanquished

Notes
Turn   | Place    | Note
--------------------------------------------------------------
     0 | D:1      | Goblin1989 the Demonspawn Gladiator began the quest for the Orb.
     0 | D:1      | Reached XP level 1. HP: 16/16 MP: 1/1
    11 | D:1      | Reached skill level 3 in Axes
    42 | D:1      | Gained mutation: You are partially covered in yellow scales (AC +2). [demonic ancestry]
    42 | D:1      | Reached XP level 2. HP: 22/22 MP: 2/2
   391 | D:2      | Gained mutation: A weak demonic guardian rushes to your aid. [demonic ancestry]
   391 | D:2      | Reached XP level 3. HP: 25/27 MP: 3/3
   415 | D:2      | Found a sparkling altar of Nemelex Xobeh.
   478 | D:2      | Reached skill level 4 in Axes
   589 | D:2      | Found a glowing silver altar of Zin.
   894 | D:2      | Gained mutation: You have sharp toenails. [demonic ancestry]
   894 | D:2      | Reached XP level 4. HP: 30/33 MP: 4/4
  1122 | D:2      | Found an oddly glowing altar of Pakellas.
  1122 | D:2      | Noticed an orange crystal statue
  1123 | D:2      | Noticed a yak
  1126 | D:2      | Became a worshipper of Pakellas the Inventive
  1126 | D:2      | Killed a yak
  1504 | D:3      | Noticed Ijyb
  1511 | D:3      | Noticed Grinder
  1515 | D:3      | Paralysed by Grinder for 5 turns
  1519 | D:3      | Killed Ijyb
  1817 | D:3      | Reached skill level 1 in Evocations
  1856 | D:3      | You fall through a shaft!
  1899 | D:4      | Found an opulent altar of Gozag.
  2015 | D:4      | Reached skill level 5 in Axes
  2032 | D:4      | Found a stormy altar of Qazlal.
  2124 | D:4      | Gained mutation: A demonic guardian rushes to your aid. [demonic ancestry]
  2124 | D:4      | Reached XP level 5. HP: 35/38 MP: 5/5
  2125 | D:4      | Noticed an ogre
  2128 | D:4      | Killed an ogre
  2385 | D:4      | Found a shattered altar of Ashenzari.
  2401 | D:4      | Found a staircase to the Ecumenical Temple.
  2588 | D:3      | Reached * piety under Pakellas
  2683 | D:5      | Entered Level 5 of the Dungeon
  3017 | D:5      | Reached XP level 6. HP: 42/44 MP: 7/7
  3115 | D:5      | Found a snail-covered altar of Cheibriados.
  3190 | D:5      | Reached skill level 6 in Axes
  3436 | D:5      | Found a white marble altar of Elyvilon.
  3623 | D:5      | Found Penofeimm's Quality Used Wands.
  3635 | D:5      | Bought a wand of lightning (0/15) for 60 gold pieces
  3635 | D:5      | Bought a wand of disintegration (0/24) for 60 gold pieces
  3635 | D:5      | Bought a wand of iceblast (0/15) for 60 gold pieces
  4070 | D:5      | Noticed an ice beast
  4072 | D:5      | Killed an ice beast
  4072 | D:5      | Reached XP level 7. HP: 31/50 MP: 7/9
  4285 | D:5      | Reached skill level 7 in Axes
  4551 | D:6      | Found a shadowy altar of Dithmenos.
  5189 | D:6      | Gained mutation: You have razor-sharp toenails. [demonic ancestry]
  5189 | D:6      | Reached XP level 8. HP: 15/56 MP: 7/11
  5193 | D:6      | Reached skill level 8 in Axes
  5712 | D:6      | Reached ** piety under Pakellas
  5712 | D:6      | Received a gift from Pakellas
  6212 | D:7      | Reached skill level 5 in Evocations
  6496 | D:7      | Reached skill level 9 in Axes
  6897 | D:8      | Reached XP level 9. HP: 55/61 MP: 11/13
  6913 | D:8      | Killed from afar by an orc priest

Vault maps used:
D:1:      onia_arrival_handbag
D:2:      zin_statuary, nemelex_deck, first_bread, corexii_shack,
          gammafunk_pakellas_statue_experiment
D:3:      lemuel_upstairs_altar, grunt_temple_overflow_cloverleaf, uniq_iyjb,
          uniq_grinder
D:4:      lemuel_round_altar, kennysheep_little_box,
          minmay_temple_entry_overgrown, hangedman_abyss_or_decor_passed,
          nicolae_gozag_seed_capital
D:5:      old_standard_altar, kennysheep_mini, minmay_door_square,
          nicolae_for_you_no_charge
D:6:      grunt_dithmenos_smoke_and_mirrors
D:7:      hangedman_decor_riveting, grunt_livestock, kennysheep_doodads,
          hangedman_glass_teeth, st_stairs_12
D:8:      kennysheep_mini_moat, david_lair_shrubbed, nicolae_ossuary_entry_plus,
          serial_undead, serial_undead_b, serial_undead_d, serial_undead_b,
          serial_undead_c, lemuel_oklob_altar, uniq_joseph

Skill      XL: |  1  2  3  4  5  6  7  8  9 |
---------------+----------------------------+-----
Axes           | 3 4 5 6 7 9 |  9.6
Evocations     | 1 2 3 4 5 6 |  6.0
Fighting       | |  2.0
Throwing       | |  1.7
Dodging        | |  2.6

Action                   |  1- 3 |  4- 6 |  7- 9 || total
-------------------------+-------+-------+-------++-------
Melee: War axe           |    95 |   212 |   106 ||   413
       Battleaxe         |       |       |    75 ||    75
Invok: Quick Charge      |       |     1 |     2 ||     3
Evoke: Wand              |       |     5 |    18 ||    23
  Use: Scroll            |       |       |     1 ||     1
 Stab: Sleeping          |     2 |       |       ||     2
       Distracted        |       |     1 |       ||     1
  Eat: Chunk             |       |    11 |     2 ||    13
       Meat ration       |       |       |     1 ||     1
       Pizza             |       |       |     1 ||     1
       Beef jerky        |       |       |     1 ||     1
